 Dungeon Crawl Stone Soup version 0.30-a0-424-g7412bad402 (webtiles) character file.

Game seed: 2343231882296149388

4 Krypt the Trooper (level 1, 24/24 HPs)
             Began as an Ogre Fighter on Dec 9, 2022.
             Quit the game on level 1 of the Dungeon.
             The game lasted 00:00:34 (103 turns).

Krypt the Trooper (Ogre Fighter)                     Turns: 103, Time: 00:00:35

Health: 24/24      AC:  3    Str: 19    XL:     1   Next: 60%
Magic:  1/1        EV:  8    Int:  9    God:
Gold:   30         SH:  7    Dex:  8    Spells: 0/0 levels left

rFire   . . .      SeeInvis .    a - +0 trident
rCold   . . .      Faith    .    c - +0 kite shield
rNeg    . . .      Spirit   .    b - +0 robe
rPois   .          Reflect  .    (helmet restricted)
rElec   .          Harm     .    (no cloak)
rCorr   .          Rampage  .    (gloves unavailable)
Will    .....                    (boots unavailable)
Stlth   +.........               (no amulet)
HPRegen 0.24/turn                (no ring)
MPRegen 0.07/turn                (no ring)

@: no status effects
A: large, unfitting armour, tough skin 1
a: no special abilities


You were on level 1 of the Dungeon.
You visited 1 branch of the dungeon, and saw 1 of its levels.

You collected 30 gold pieces.

Inventory:

Hand Weapons
 a - a +0 trident (weapon)
Armour
 b - a +0 robe (worn)
 c - a +0 kite shield (worn)
Scrolls
 e - a scroll of poison {unknown}
Potions
 d - a potion of might


   Skills:
 + Level 4.1 Fighting
 + Level 2.0 Polearms
 + Level 2.7 Dodging
 + Level 3.0 Shields


You couldn't memorise any spells.
You didn't know any spells.
Your spell library was empty.

Dungeon Overview and Level Annotations

Branches:
Dungeon (1/15)

Altars:


Innate Abilities, Weirdness & Mutations

You are too large for most types of armour.
You have tough skin. (AC +1)


Message History

You see here a +0 leather armour.
e - a +0 leather armour This armour is too small for you!
You drop a +0 leather armour.
No target in view!
No target in view!
Reach: a) +0 trident
Press: ? - help, Dir - move target, f - you
Okay, then.
You hit the bat.
The bat is heavily wounded.
The bat barely misses you.
You reach to attack!
You barely miss the bat.
The bat is heavily wounded.
You block the bat's attack. x2
You reach to attack!
You barely miss the bat.
The bat is heavily wounded.
The bat barely misses you. You block the bat's attack.
You hit the bat.
You kill the bat!
No target in view!
No target in view!
No target in view!
A giant cockroach and a kobold come into view.
The kobold shouts!
There are monsters nearby!
You reach to attack!
You puncture the kobold!
You kill the kobold!
Found a ring mail.
The giant cockroach bites you but does no damage.
You hit the giant cockroach.
You kill the giant cockroach!
No target in view!
No target in view!
No target in view!
A kobold comes into view. It is wielding a +0 whip.
The kobold shouts!
You see here a scroll labelled ZIOM VEWYTUILA.
e - a scroll labelled ZIOM VEWYTUILA Are you sure you want to abandon this character and quit the game? (Confirm with "yes".)

#######
#.....############
#................#
#.....########.###
##.#...........@.#
#.#.#########.#.#
#.#.# #.#K# #.#.#
#.#.# ###.#.#
#.#.# ....#.#
#.#.# #...#.#
#.#.# ...##.# #.
.# ..##


You could see a kobold.

Vanquished Creatures
  A bat (D:1)
  A giant cockroach (D:1)
  A kobold (D:1)
3 creatures vanquished.

Notes
Turn   | Place    | Note
-------+----------+-------------------------------------------
     0 | D:1      | Krypt the Ogre Fighter began the quest for the Orb.
     0 | D:1      | Reached XP level 1. HP: 24/24 MP: 1/1
   103 | D:1      | Quit the game

Illustrated notes

Levels and vault maps discovered:
D:1:      elethiomel_arrival_shortcut, layout_basic, minmay_misc_feat_square

Action                   || total
-------------------------++-------
Melee: Trident           ||     6
Armor: Robe              ||     1
Dodge: Dodged            ||     2
Block: Kite shield       ||     3

Table legend: (Time is in decaauts)
 A = Elapsed time spent in this place.
 B = Non-inter-level travel time spent in this place.
 C = Inter-level travel time spent in this place.
 D = Time resting spent in this place.
 E = Time spent auto-exploring this place.
 F = Levels seen in this place.
 G = Mean time per level.
                   A        B        C        D        E       F      G
               +--------+--------+--------+--------+--------+-----+--------+
         Total |    105 |    105 |      0 |      0 |     85 |   1 |  105.0 |
       Dungeon |    105 |    105 |      0 |      0 |     85 |   1 |  105.0 |
               +--------+--------+--------+--------+--------+-----+--------+

Top non-repeatable levels by time:
     D:1: 105 daAuts
